 Dungeon Crawl Stone Soup version 0.21.1-1-g345015f (webtiles) character file.

107 goulibeur the Distorting Demonspawn (level 4, -2/35 HPs)
             Began as a Demonspawn Abyssal Knight on July 8, 2018.
             Was a Believer of Lugonu.
             Slain by a phantom (5 damage)
             ... on level 4 of the Dungeon.
             The game lasted 00:07:58 (3564 turns).

goulibeur the Distorting Demonspawn (DsAK)          Turns: 3564, Time: 00:07:59

Health: -2/35      AC: 12    Str: 13    XL:     4   Next: 56%
Magic:  7/7        EV:  5    Int: 13    God:    Lugonu [**....]
Gold:   171        SH:  3    Dex: 13    Spells: 3/3 levels left

rFire    . . .     SeeInvis .   a - +1 short sword
rCold    . . .     Gourm    .   e - +0 buckler
rNeg     . . .     Faith    .   l - +0 chain mail
rPois    .         Spirit   .   d - +0 helmet
rElec    .         Reflect  .   (no cloak)
rCorr    .         Harm     .   (no gloves)
MR       .....                  (no boots)
Stlth    ..........             (no amulet)
HPRegen  0.11/turn              (no ring)
MPRegen  0.10/turn              (no ring)

@: no status effects
A: slimy green scales 1, powered by death 1
a: Depart the Abyss, Bend Space, Renounce Religion


You were on level 4 of the Dungeon.
You worshipped Lugonu.
Lugonu was pleased with you.
You were hungry.

You visited 1 branch of the dungeon, and saw 4 of its levels.
You visited the Abyss 1 time.

You collected 171 gold pieces.

Inventory:

Hand Weapons
 a - a +1 short sword (weapon)
Armour
 b - a +0 leather armour
 d - a +0 helmet (worn)
 e - a +0 buckler (worn)
 l - a +0 chain mail (worn)
Jewellery
 k - an uncursed amulet of harm {unknown}
 r - a cursed ring of teleportation {unknown}
Wands
 m - a wand of digging (14)
 s - a wand of flame (28)
Scrolls
 f - 2 scrolls of remove curse {unknown}
 g - 5 scrolls of identify {unknown}
 i - a scroll of teleportation {unknown}
 j - a scroll of amnesia {unknown}
 n - a scroll of enchant weapon {unknown}
 o - a scroll of fear {unknown}
 q - a scroll of immolation {unknown}
 v - a scroll of blinking {unknown}
 w - a scroll of random uselessness {unknown}
Potions
 h - 3 potions of haste {unknown}
 p - a potion of mutation {unknown}
 t - a potion of brilliance {unknown}
Comestibles
 c - 11 rations


   Skills:
 + Level 3.5 Fighting
 - Level 1.7 Short Blades
 + Level 2.5 Armour
 + Level 1.9 Dodging
 * Level 4.3 Invocations


You had 3 spell levels left.
You didn't know any spells.

Dungeon Overview and Level Annotations

Branches:
Dungeon (4/15)
 Temple: D:4-7

Altars:
Vehumet


Innate Abilities, Weirdness & Mutations

You are partially covered in slimy green scales. (AC +2)
You regenerate a little health from kills.


Message History

The phantom barely misses you.
You hit the phantom but do no damage.
The phantom is moderately damaged.
The phantom hits you but does no damage.
You hit the phantom.
The phantom is moderately damaged.
The phantom hits you but does no damage.
You closely miss the phantom.
The phantom is moderately damaged.
The phantom hits you.
* * * LOW HITPOINT WARNING * * *
The phantom hits you but does no damage.
You hit the phantom but do no damage.
The phantom is moderately damaged.
The phantom hits you.
* * * LOW HITPOINT WARNING * * *
You hit the phantom.
The phantom is heavily damaged.
The phantom hits you.
You die...

(######.......#
........#######
#######.# #)#
##.# #..# #..#
#.######..#
#..!..W@..#
########.## #.#
#.# #.# ..# ###


You could see a phantom.

Vanquished Creatures
  3 adders
  3 worms
  3 dart slugs
  4 leopard geckos
  4 orcs
  4 bats
  A giant cockroach (D:1)
  6 goblins
  8 hobgoblins
  4 jackals (D:1)
  6 frilled lizards
  7 kobolds
  4 rats
57 creatures vanquished.

Notes
Turn   | Place    | Note
-------+----------+-------------------------------------------
     0 | Abyss:1  | goulibeur the Demonspawn Abyssal Knight began the quest for the Orb.
     0 | Abyss:1  | Reached XP level 1. HP: 18/18 MP: 2/2
    63 | Abyss:1  | Noticed a large abomination
    63 | D:1      | Escaped the Abyss
   262 | D:1      | Reached skill level 1 in Dodging
   426 | D:1      | Reached * piety under Lugonu
   462 | D:1      | Gained mutation: You regenerate a little health from kills. [demonic ancestry]
   462 | D:1      | Reached XP level 2. HP: 11/24 MP: 4/4
   720 | D:1      | Reached skill level 3 in Invocations
   875 | D:1      | Reached XP level 3. HP: 16/29 MP: 5/5
  1556 | D:2      | Found a radiant altar of Vehumet.
  1815 | D:2      | Reached ** piety under Lugonu
  2305 | D:3      | Reached skill level 4 in Invocations
  2309 | D:3      | Gained mutation: You are partially covered in slimy green scales. (AC +2) [demonic ancestry]
  2309 | D:3      | Reached XP level 4. HP: 34/35 MP: 5/7
  3527 | D:4      | Noticed a phantom
  3564 | D:4      | Slain by a phantom

Skill      XL: |  1  2  3 |
---------------+----------+-----
Dodging        | 1 |  1.9
Armour         | 2 |  2.5
Invocations    | 3 4 |  4.3
Fighting       | |  3.5
Short Blades   | |  1.7

Action                   |  1- 3 |  4- 6 || total
-------------------------+-------+-------++-------
Melee: Short sword       |   148 |   132 ||   280
Invok: Depart the Abyss  |     1 |       ||     1
 Stab: Sleeping          |     1 |       ||     1
  Eat: Chunk             |     4 |     4 ||     8
Armor: Leather armour    |    32 |       ||    32
       Chain mail        |    27 |    64 ||    91
Dodge: Dodged            |    53 |    26 ||    79
Block: Buckler           |    18 |    16 ||    34
